 Dungeon Crawl Stone Soup version 0.30-a0-358-g0d69a1922f (webtiles) character file.

Game seed: 2259492675255566625

283 HoaS the Skirmisher (level 6, -1/50 HPs)
             Began as a Minotaur Hunter on Nov 8, 2022.
             Slain by a lemure (2 damage)
             ... led by Pikel
             ... on level 4 of the Dungeon.
             The game lasted 00:06:47 (2587 turns).

HoaS the Skirmisher (Minotaur Hunter)               Turns: 2587, Time: 00:06:48

Health: -1/50      AC:  9    Str: 15    XL:     6   Next: 7%
Magic:  5/5        EV:  9    Int:  6    God:
Gold:   211        SH:  0    Dex: 16    Spells: 5/5 levels left

rFire   . . .      SeeInvis .    a - +1 shortbow
rCold   . . .      Faith    .    (shield currently unavailable)
rNeg    . . .      Spirit   .    l - +2 leather armour {rPois}
rPois   +          Reflect  .    p - +1 hat
rElec   .          Harm     .    (no cloak)
rCorr   .          Rampage  .    i - +1 pair of gloves
Will    .....                    o - +0 pair of boots
Stlth   +.........               (no amulet)
HPRegen 0.28/turn                (no ring)
MPRegen 0.09/turn                (no ring)

@: grasped by roots, constricted
A: horns 2, retaliatory headbutt
a: no special abilities


You were on level 4 of the Dungeon.
You visited 2 branches of the dungeon, and saw 5 of its levels.

You collected 211 gold pieces.

Inventory:

Hand Weapons
 a - a +1 shortbow (weapon)
Armour
 i - a +1 pair of gloves (worn)
 l - a +2 leather armour of poison resistance (worn)
 o - a +0 pair of boots (worn)
 p - a +1 hat (worn)
Wands
 f - a wand of flame (17)
Scrolls
 b - a scroll of immolation
 m - a scroll of teleportation
Potions
 c - 2 potions of heal wounds {unknown}
 d - 3 potions of attraction
 e - a potion of lignification
 g - a potion of flight
 h - a potion of curing {unknown}
 j - a potion of invisibility {unknown}
 k - a potion of haste {unknown}
 n - a potion of mutation {unknown}


   Skills:
 - Level 2.4 Fighting
 * Level 8.1 Ranged Weapons
 - Level 2.1 Dodging
 - Level 0.7 Stealth


You had 5 spell levels left.
You didn't know any spells.
Your spell library contained the following spells:

 Spells                   Type           Power      Damage    Failure   Level
 Necrotise                Necr           0%         1d4       52%         1
 Vampiric Draining        Necr           0%         2d6       88%         3
 Agony                    Necr           0%         N/A       100%        5


Dungeon Overview and Level Annotations

Branches:
Dungeon (4/15)             Temple (1/1) D:4

Altars:
Ashenzari
Cheibriados
Elyvilon
Gozag
Hepliaklqana
Qazlal
Ru
Uskayaw
Vehumet
Wu Jian
Xom
Zin
The Shining One

Shops:
D:1 [

Annotations:
D:4 Pikel


Innate Abilities, Weirdness & Mutations

You have a pair of horns on your head.
You reflexively headbutt those who attack you in melee.


Message History

You shoot an arrow. The arrow hits Pikel.
Pikel is moderately wounded.
You shoot an arrow. The arrow closely misses Pikel.
The arrow closely misses the lemure.
The arrow hits the lemure.
The lemure is lightly wounded.
Pikel zaps a wand.
The roots erupt in riotous growth!
The grasping roots grab you! The grasping roots constrict you!
You shoot an arrow. The arrow misses Pikel.
The arrow hits the lemure.
The lemure is lightly wounded.
The grasping roots constrict you!
You shoot an arrow. The arrow closely misses Pikel.
The arrow hits the lemure but does no damage.
The lemure is lightly wounded.
Pikel hits you but does no damage. The grasping roots constrict you.
The grasping roots release their grip on you.
You shoot an arrow. The arrow barely misses Pikel.
The arrow hits the lemure!
The lemure is heavily wounded.
Pikel hits you with a +2 whip of freezing.
Pikel freezes you.
Pikel hits you with a +2 whip of freezing.
Pikel freezes you. The lemure hits you.
You shoot an arrow. The arrow closely misses Pikel.
The arrow hits the lemure but does no damage.
Pikel zaps a wand.
The roots erupt in riotous growth!
The grasping roots grab you!
The lemure is unaffected. x2; Pikel is unaffected.
The grasping roots constrict you. The lemure closely misses you.
You furiously retaliate!
You headbutt the lemure! You shoot an arrow. The arrow hits Pikel!
Pikel is heavily wounded.
The lemure hits you.
Pikel hits you with a +2 whip of freezing.
* * * LOW HITPOINT WARNING * * *
Pikel freezes you.
* * * LOW HITPOINT WARNING * * *
The grasping roots constrict you.
* * * LOW HITPOINT WARNING * * *
The lemure hits you.
You die...

...# #..# #..# #
####..##.####
.###............
........# .##.#...5#
.).#...5K# #....5@#
##.....# #....###.###
#...........
#...<#######.# .#
#.#.## ...#..###
#.#.#########........
# #...........#.#..#
#####.####.......###


You could see Pikel and 3 lemures.

Vanquished Creatures
  A lemure (D:4)
  A phantom (D:4)
  A scorpion (D:2)
  3 adders
  4 gnolls (D:2)
  5 worms
  An orc (D:4)
  4 bats
  6 endoplasms
  2 giant cockroaches (D:1)
  10 goblins
  6 hobgoblins
  4 quokkas
  9 ball pythons
  2 frilled lizards
  8 kobolds
  6 rats
73 creatures vanquished.

Vanquished Creatures (others)
  4 fungi (D:3)
  5 plants (D:3)
9 creatures vanquished.

Grand Total: 82 creatures vanquished

Notes
Turn   | Place    | Note
-------+----------+-------------------------------------------
     0 | D:1      | HoaS the Minotaur Hunter began the quest for the Orb.
     0 | D:1      | Reached XP level 1. HP: 18/18 MP: 0/0
   215 | D:1      | Reached XP level 2. HP: 25/25 MP: 1/1
   247 | D:1      | Reached skill level 5 in Ranged Weapons
   340 | D:1      | Found Tutruq's Antique Armour Shop.
   944 | D:1      | Reached XP level 3. HP: 11/30 MP: 2/2
  1189 | D:2      | Reached skill level 6 in Ranged Weapons
  1233 | D:2      | Reached XP level 4. HP: 37/37 MP: 3/3
  1349 | D:2      | Noticed a scorpion
  1354 | D:2      | Killed a scorpion
  1355 | D:2      | Reached skill level 7 in Ranged Weapons
  1355 | D:2      | Reached XP level 5. HP: 36/42 MP: 4/4
  1967 | D:3      | Found a glowing silver altar of Zin.
  2073 | D:3      | Found a hazy altar of Hepliaklqana.
  2176 | D:3      | Found a faded altar of an unknown god.
  2205 | D:3      | Found a faded altar of an unknown god.
  2208 | D:3      | Found a glowing golden altar of the Shining One.
  2358 | D:4      | Noticed a phantom
  2367 | D:4      | Killed a phantom
  2368 | D:4      | Reached skill level 8 in Ranged Weapons
  2368 | D:4      | Reached XP level 6. HP: 44/50 MP: 5/5
  2386 | D:4      | Found a white marble altar of Elyvilon.
  2472 | D:4      | Found a staircase to the Ecumenical Temple.
  2481 | Temple   | Entered the Ecumenical Temple
  2572 | D:4      | Noticed Pikel
  2587 | D:4      | HP: 1/50 [constriction (5)]
  2587 | D:4      | Slain by a lemure

Illustrated notes

Levels and vault maps discovered:
D:1:      dpeg_arrival_arbitrary_c, layout_basic, serial_shops, shop
D:2:      layout_basic
D:3:      layout_basic, general_overflow_altar,
          nicolae_overflow_ecumenical_swirl, lemuel_doored_altar,
          dreamdust_ecumenical_altar_hidden_monk_grotto
D:4:      layout_loops_ring, kennysheep_little_box,
          minmay_temple_entry_sparse_star, nicolae_shop_vocational, uniq_ijyb,
          uniq_pikel
Temple:   hellmonk_temple_rainy

Skill      XL: |  1  2  3  4  5 |
---------------+----------------+-----
Ranged Weapons | 5 6 7 8 |  8.1
Fighting       | |  2.4
Dodging        | |  2.1
Stealth        | |  0.7

Action                   |  1- 3 |  4- 6 || total
-------------------------+-------+-------++-------
 Fire: Shortbow          |    98 |   107 ||   205
  Use: Scroll            |     4 |     6 ||    10
Armor: Leather armour    |    16 |     7 ||    23
Dodge: Dodged            |    36 |    29 ||    65

Table legend: (Time is in decaauts)
 A = Elapsed time spent in this place.
 B = Non-inter-level travel time spent in this place.
 C = Inter-level travel time spent in this place.
 D = Time resting spent in this place.
 E = Time spent auto-exploring this place.
 F = Levels seen in this place.
 G = Mean time per level.
                   A        B        C        D        E       F      G
               +--------+--------+--------+--------+--------+-----+--------+
         Total |   2631 |   2506 |    125 |    254 |   1758 |   5 |  526.2 |
       Dungeon |   2596 |   2471 |    125 |    254 |   1748 |   4 |  649.0 |
        Temple |     34 |     34 |      0 |      0 |     10 |   1 |   34.0 |
               +--------+--------+--------+--------+--------+-----+--------+

Top non-repeatable levels by time:
     D:1: 1034 daAuts
     D:2: 846 daAuts
     D:3: 487 daAuts
     D:4: 227 daAuts
  Temple: 34 daAuts
